 Dungeon Sprint DCSS version 0.21.1-1-g345015f (webtiles) character file.

0 Fang the Skirmisher (level 4, -2/45 HPs)
             Began as a Minotaur Berserker on Apr 23, 2018.
             Was a Follower of Trog.
             Slain by a queen ant (11 damage)
             ... in the Dungeon (Sprint VI: "Thunderdome").
             The game lasted 00:00:28 (104 turns).

Fang the Skirmisher (Minotaur Berserker)             Turns: 104, Time: 00:00:28

Health: -2/45      AC:  2    Str: 23    XL:     4   Next: 0%
Magic:  3/3        EV: 13    Int:  4    God:    Trog [*.....]
Gold:   200        SH:  0    Dex:  9    Spells: 3/3 levels left

rFire    . . .     SeeInvis .   a - +0 hand axe
rCold    . . .     Gourm    .   (no shield)
rNeg     . . .     Faith    .   b - +0 animal skin
rPois    .         Spirit   .   (helmet restricted)
rElec    .         Reflect  .   (no cloak)
rCorr    .         Harm     .   (no gloves)
MR       .....     NoTele   +   (no boots)
Stlth    +.........             (no amulet)
HPRegen  0.15/turn              (no ring)
MPRegen  0.08/turn              (no ring)

@: berserk cooldown, slowed, very slow
A: retaliatory headbutt, horns 2
a: Berserk, Burn Spellbooks, Renounce Religion


You were in the Dungeon.
You worshipped Trog.
Trog was aware of your devotion.
You were not hungry.

You visited 1 branch You collected 200 gold pieces.

Inventory:

Hand Weapons
 a - a +0 hand axe (weapon)
Armour
 b - a +0 animal skin (worn)
Wands
 k - a wand of acid (5)
 l - a wand of iceblast (5)
Scrolls
 i - 4 scrolls of blinking
 m - 3 scrolls of fog
Potions
 d - a potion of curing
 e - 3 potions of heal wounds
 f - 4 potions of haste
 g - 2 potions of magic
 h - a potion of berserk rage
 j - a potion of resistance
Comestibles
 c - a ration


   Skills:
 + Level 6.9 Fighting
 + Level 6.8 Axes
 + Level 3.7 Armour
 + Level 3.6 Dodging


You had 3 spell levels left.
You didn't know any spells.

Dungeon Overview and Level Annotations

Branches:
Dungeon (1/1)

Altars:
Cheibriados
Fedhas
Gozag
Kikubaaqudgha
Trog
Uskayaw
Vehumet
Wu Jian
Yredelemnul
Beogh
Jiyva
Lugonu

Shops:
D *[%???:(


Innate Abilities, Weirdness & Mutations

You reflexively headbutt those who attack you in melee.
You have a pair of horns on your head.


Message History

You hit the queen ant but do no damage. The queen ant stings you! x2
* * * LOW HITPOINT WARNING * * *
You are too injured to fight recklessly!
You are too injured to fight recklessly!
You are too injured to fight recklessly!
You are too injured to fight recklessly!
You are too injured to fight recklessly!
You are too injured to fight recklessly!
You are too injured to fight recklessly!
You are too injured to fight recklessly!
You are too injured to fight recklessly!
You are too injured to fight recklessly!
You are too injured to fight recklessly!
You are too injured to fight recklessly!
You are too injured to fight recklessly!
You are too injured to fight recklessly!
You hit the queen ant.
The queen ant is lightly wounded.
The queen ant stings you!
You die...

#.....# ##.....##
##∩.....∩## #∩.......∩#
#_......._# #_........#
#_......._#
###a........###
#⌠.@.........⌠#
######.8.........8.###
#∩_........###......___
∩........8.# #.8........
......†...†###..........
........###...###.......
........# #.<.# .......
........# #...# .......
...........###.........


You could see a queen ant.

Vanquished Creatures
  A killer bee (D)
  A worker ant (D)
2 creatures vanquished.

Notes
Turn   | Place    | Note
-------+----------+-------------------------------------------
     0 | D        | Fang the Minotaur Berserker began the quest for the Orb.
     0 | D        | Reached XP level 1. HP: 19/19 MP: 0/0
     3 | D        | Found a hide-covered altar of Uskayaw.
     3 | D        | Found a radiant altar of Vehumet.
     4 | D        | Found a blossoming altar of Fedhas.
     5 | D        | Found an ancient bone altar of Kikubaaqudgha.
     5 | D        | Found a viscous altar of Jiyva.
     5 | D        | Round 1.
     6 | D        | Found an opulent altar of Gozag.
     6 | D        | Found an ornate altar of the Wu Jian Council.
     6 | D        | Found Jalod's Staff Store.
     6 | D        | Found Lymmuxt's Magic Scroll Shop.
     7 | D        | Found a corrupted altar of Lugonu.
     7 | D        | Found Cuacyps's Must-Have Magic.
     7 | D        | Found Qeitodu's Magic Scroll Shop.
    29 | D        | Found a roughly hewn altar of Beogh.
    30 | D        | Noticed a killer bee
    31 | D        | Found Fothrenk's Delicious Food.
    38 | D        | Killed a killer bee
    38 | D        | Reached XP level 2. HP: 3/30 MP: 1/1
    38 | D        | Reached XP level 3. HP: 4/37 MP: 2/2
    51 | D        | Found a bloodstained altar of Trog.
    52 | D        | Found a basalt altar of Yredelemnul.
    52 | D        | Found a snail-covered altar of Cheibriados.
    52 | D        | Found Qomyck's Identification Station.
    53 | D        | Found Mukkyudism's Jewellery.
    53 | D        | Found Bemn's Advanced Armour.
    57 | D        | Reached XP level 4. HP: 27/45 MP: 3/3
    97 | D        | Noticed a queen ant
   104 | D        | Slain by a queen ant

Skill      XL: |  1 |
---------------+----+-----
Fighting       | 6 |  6.9
Axes           | 6 |  6.8
Armour         | 3 |  3.7
Dodging        | 3 |  3.6

Action                   |  1- 3 |  4- 6 || total
-------------------------+-------+-------++-------
Melee: Hand axe          |     9 |     3 ||    12
       Headbutt          |     3 |     1 ||     4
Invok: Berserk           |     1 |     1 ||     2
  Use: Potion            |     1 |       ||     1
Armor: Animal skin       |     1 |       ||     1
Dodge: Dodged            |     8 |       ||     8
